 Dungeon Crawl Stone Soup version 0.27-a0-901-g8736458 (webtiles) character file.

Game seed: 13328680314038763777

245 Nithhogg the Skirmisher (level 5, 0/43 HPs)
             Began as a Demonspawn Fighter on Apr 5, 2021.
             Slain by a black bear (3 damage)
             ... on level 3 of the Dungeon.
             The game lasted 00:04:43 (4686 turns).

Nithhogg the Skirmisher (Demonspawn Fighter)        Turns: 4686, Time: 00:04:44

Health: 0/43       AC: 13    Str: 17    XL:     5   Next: 83%
Magic:  5/5        EV:  5    Int: 15    God:
Gold:   126        SH:  0    Dex: 13    Spells: 4/4 levels left

rFire    . . .     SeeInvis .   a - +0 long sword
rCold    . . .     Faith    .   (no shield)
rNeg     . . .     Spirit   .   l - +0 plate armour
rPois    .         Reflect  .   (no helmet)
rElec    .         Harm     .   (no cloak)
rCorr    .         Rampage  .   (no gloves)
Will     .....                  (no boots)
Stlth    ..........             (no amulet)
HPRegen  0.14/turn              m - +6 ring of intelligence
MPRegen  0.09/turn              (no ring)

@: mighty
A: slimy green scales 1, foul stench 1, demonic magic 1
a: no special abilities


You were on level 3 of the Dungeon.
You visited 1 branch of the dungeon, and saw 4 of its levels.

You collected 126 gold pieces.

Inventory:

Hand Weapons
 a - a +0 long sword (weapon)
Missiles
 j - 3 boomerangs of dispersal (quivered)
Armour
 b - a +0 scale mail
 c - a +0 kite shield
 l - a +0 plate armour (worn)
Jewellery
 m - a +6 ring of intelligence (left hand)
Scrolls
 e - a scroll of identify
 k - a scroll of amnesia
Potions
 d - a potion of might
 f - 2 potions of curing {unknown}
 g - a potion of degeneration {unknown}
 h - a potion of berserk rage {unknown}
 i - a potion of mutation {unknown}


   Skills:
 * Level 4.7 Fighting
 + Level 2.9 Long Blades
 + Level 3.6 Armour
 + Level 2.1 Dodging
 - Level 2.6 Shields


You had 4 spell levels left.
You didn't know any spells.
Your spell library was empty.

Dungeon Overview and Level Annotations

Branches:
Dungeon (4/15)
 Temple: D:4-7

Altars:


Innate Abilities, Weirdness & Mutations

You are partially covered in slimy green scales. (AC +2)
You may rarely emit foul miasma when damaged in melee.
Spells you cast may paralyse adjacent enemies.


Message History

You hit the hornet zombie.
The hornet zombie is moderately damaged.
The hornet zombie hits you. x2; You emit a cloud of foul miasma!
The black bear bites you but does no damage.
The black bear barely misses you.
The black bear claws you but does no damage.
The orc priest casts a cantrip, but nothing happens.
The hornet zombie hits you.
The black bear bites you but does no damage.
The black bear barely misses you. The black bear closely misses you.
The orc priest mumbles some strange prayers to Beogh against you.
Beogh smites you!
* * * LOW HITPOINT WARNING * * *
You climb upwards.
There is a stone staircase leading down here.
The black bear bites you but does no damage.
The black bear barely misses you.
The black bear claws you but does no damage.
Items here: ( ))).
Okay, then.
You hit the black bear but do no damage.
The black bear bites you but does no damage.
The black bear claws you.
* * * LOW HITPOINT WARNING * * *
The black bear claws you but does no damage.
You feel very mighty all of a sudden. The black bear bites you.
* * * LOW HITPOINT WARNING * * *
The black bear claws you but does no damage. x2
You hit the black bear.
The black bear is lightly wounded.
The black bear bites you but does no damage.
The black bear claws you but does no damage. x2
You slice the black bear!!
The black bear is severely wounded.
The black bear goes berserk!
The black bear bites you!
* * * LOW HITPOINT WARNING * * *
The black bear barely misses you. x2
The black bear bites you.
You die...

#
#.#.......#....###.#..####....
#
#.#.......#...................
##
#.#.......###'###.........####
.# #.#.......# #.# #.........#
.###..(......# #.###.........#
.............# #.##........###
.#####.......# #.##........#
.# #.......# #.##........# ##
## #.......# #@######(#### ##.
###.#######.h....(># #<.
#.........######### #..
#.........# #.# #.........#
#.. #.........# ###
#..<......# #.........#
#.........#


You could see a black bear (berserk).

Vanquished Creatures
  An ice beast (D:3)
  An adder (D:2)
  3 gnolls (D:3)
  4 worms
  2 dart slugs (D:2)
  8 orcs
  2 ball pythons
  9 bats
  5 endoplasms
  A giant cockroach (D:2)
  10 goblins
  11 hobgoblins
  5 jackals
  5 kobolds
  2 quokkas
  3 frilled lizards
  7 rats
79 creatures vanquished.

Vanquished Creatures (others)
  7 plants (D:1)
7 creatures vanquished.

Grand Total: 86 creatures vanquished

Notes
Turn   | Place    | Note
-------+----------+-------------------------------------------
     0 | D:1      | Nithhogg the Demonspawn Fighter began the quest for the
                  | Orb.
     0 | D:1      | Reached XP level 1. HP: 18/18 MP: 1/1
   239 | D:1      | Gained mutation: You may rarely emit foul miasma when
                  | damaged in melee. [demonic ancestry]
   239 | D:1      | Reached XP level 2. HP: 23/24 MP: 2/2
   800 | D:2      | Gained mutation: You are partially covered in slimy green
                  | scales. (AC +2) [demonic ancestry]
   800 | D:2      | Reached XP level 3. HP: 29/29 MP: 3/3
   811 | D:2      | Reached skill level 1 in Dodging
  1598 | D:2      | Reached XP level 4. HP: 26/37 MP: 4/4
  2339 | D:3      | Reached skill level 4 in Fighting
  2898 | D:3      | Found a faded altar of an unknown god.
  3084 | D:4      | Noticed a gnoll sergeant
  3290 | D:3      | Gained mutation: Spells you cast may paralyse adjacent
                  | enemies. [demonic ancestry]
  3290 | D:3      | Reached XP level 5. HP: 26/42 MP: 5/5
  3879 | D:4      | Noticed an ice beast
  4239 | D:3      | Killed an ice beast
  4546 | D:4      | Noticed a black bear
  4684 | D:3      | HP: 2/43 [black bear (7)]
  4686 | D:3      | Slain by a black bear

Illustrated notes

Levels and vault maps discovered:
D:1:      roderic_crop_circles_arrival_small, layout_rooms, chequers_jeans
D:2:      layout_loops_cross, kennysheep_pointless_box
D:3:      layout_basic, basic_ecumenical_altar
D:4:      layout_cave_pools, nicolae_overflow_crystal_walls

Skill      XL: |  1  2  3  4  5 |
---------------+----------------+-----
Long Blades    | 2 |  2.9
Armour         | 3 |  3.6
Dodging        | 1 2 |  2.1
Fighting       | 4 |  4.7
Shields        | |  2.6

Action                   |  1- 3 |  4- 6 || total
-------------------------+-------+-------++-------
Melee: Long sword        |   153 |   128 ||   281
  Use: Scroll            |       |     2 ||     2
       Potion            |       |     1 ||     1
Armor: Scale mail        |    85 |    45 ||   130
       Plate armour      |       |   103 ||   103
Dodge: Dodged            |    94 |    88 ||   182
       Rpst.: Long sword |    27 |    27 ||    54

Table legend: (Time is in decaauts)
 A = Elapsed time spent in this place.
 B = Non-inter-level travel time spent in this place.
 C = Inter-level travel time spent in this place.
 D = Time resting spent in this place.
 E = Time spent auto-exploring this place.
 F = Levels seen in this place.
 G = Mean time per level.
                   A        B        C        D        E       F      G
               +--------+--------+--------+--------+--------+-----+--------+
         Total |   4778 |   4700 |     78 |   1738 |   2138 |   4 | 1194.5 |
       Dungeon |   4778 |   4700 |     78 |   1738 |   2138 |   4 | 1194.5 |
               +--------+--------+--------+--------+--------+-----+--------+

Top non-repeatable levels by time:
     D:3: 2518 daAuts
     D:2: 1532 daAuts
     D:1: 682 daAuts
     D:4: 43 daAuts
